TOP OF THE 1ST |
Boston College Eagles batting - Pitching for Oregon Ducks : RHP Alejandro Longoria
|
Pitching: RHP Alejandro Longoria
|
|
Batting: RHB Kane Cooper
|
0-0: Ball 1-0: Foul Ball, location: 2F 1-1: Swinging Strike 1-2: Strikes out looking
|
Batting: RHB Emory Brooks
|
0-0: Ball 1-0: Foul Ball, location: 2F 1-1: Ball 2-1: Foul Ball, location: 2F 2-2: Ball 3-2: Fly out, F4 (Popup, 4MD)
|
Batting: LHB Dave Cook
|
0-0: Ball 1-0: Fly out, F9 (Line Drive, 9M)
|
Top of the 1st over - 0 run(s), 0 hit(s), 0 error(s), 0 left on base; Boston College 0 - Oregon 0 |
BOTTOM OF THE 1ST |
Oregon Ducks batting - Pitching for Boston College Eagles : RHP Joe Bell
|
Pitching: RHP Joe Bell
|
|
Batting: RHB Ken Fingers
|
0-0: SINGLE (Groundball, 4MD) (infield hit)
|
Batting: RHB Ricardo Salazar
|
0-0: Ball Ken Fingers is caught stealing 2nd base 1-0: Fly out, F4 (Popup, 4MD)
|
Batting: LHB Jorge Rivera
|
0-0: Called Strike 0-1: Ball 1-1: Called Strike 1-2: Ball 2-2: Reached on error, E1 (Groundball, 13S)
|
Batting: LHB José Hernández
|
0-0: Swinging Strike 0-1: Ball 1-1: Ball 2-1: Ball 3-1: Ground out 1-3 (Groundball, 13)
|
Bottom of the 1st over - 0 run(s), 1 hit(s), 1 error(s), 1 left on base; Boston College 0 - Oregon 0 |
TOP OF THE 2ND |
Boston College Eagles batting - Pitching for Oregon Ducks : RHP Alejandro Longoria
|
Batting: RHB Vernon Sterling
|
0-0: Called Strike 0-1: Foul Ball, location: 2F 0-2: Ball 1-2: Ball 2-2: Ball 3-2: Ground out U3 (Groundball, 3)
|
Batting: RHB Mike Martin
|
0-0: Fly out, F9 (Flyball, 9M)
|
Batting: RHB Bobby Porter
|
0-0: Ball 1-0: Called Strike 1-1: Ball 2-1: Ball 3-1: Fly out, F9 (Flyball, 89S)
|
Top of the 2nd over - 0 run(s), 0 hit(s), 0 error(s), 0 left on base; Boston College 0 - Oregon 0 |
BOTTOM OF THE 2ND |
Oregon Ducks batting - Pitching for Boston College Eagles : RHP Joe Bell
|
Batting: LHB Jason Roberts
|
0-0: Called Strike 0-1: Called Strike 0-2: Ball 1-2: Foul Ball, location: 2F 1-2: Ball 2-2: Foul Ball, location: 2F 2-2: Ball 3-2: Fly out, F7 (Flyball, 78M)
|
Batting: LHB José Román
|
0-0: Foul Ball, location: 2F 0-1: Foul Ball, location: 2F 0-2: Foul Ball, location: 2F 0-2: Ball 1-2: Ball 2-2: Ball 3-2: SOLO HOME RUN (Flyball, 89XD), Distance : 369 ft
|
Batting: RHB Jared Pass
|
0-0: Ball 1-0: Fly out, F8 (Line Drive, 8LM)
|
Batting: RHB Tom Cirilo
|
0-0: Ball 1-0: SINGLE (Groundball, 6MD)
|
Batting: RHB Bob Levinson
|
0-0: Ground out 6-3 (Groundball, 6D)
|
Bottom of the 2nd over - 1 run(s), 2 hit(s), 0 error(s), 1 left on base; Boston College 0 - Oregon 1 |
TOP OF THE 3RD |
Boston College Eagles batting - Pitching for Oregon Ducks : RHP Alejandro Longoria
|
Batting: SHB Felipe Castro
|
0-0: Ball 1-0: DOUBLE (Line Drive, 5D)
|
Batting: RHB Pepe Chávez
|
0-0: SINGLE (Line Drive, 6MD) Felipe Castro to third
|
Batting: RHB Will Stafford
|
0-0: Ball 1-0: Ball 2-0: Ball 3-0: Called Strike 3-1: Foul Ball, location: 2F 3-2: Base on Balls Pepe Chávez to second
|
Batting: RHB Kane Cooper
|
0-0: Foul Ball, location: 2F 0-1: Foul Ball, location: 2F 0-2: Ball 1-2: SINGLE (Line Drive, 78S) Felipe Castro scores Pepe Chávez to third Will Stafford to second
|
Batting: RHB Emory Brooks
|
0-0: Ball 1-0: Ball 2-0: Ball 3-0: Base on Balls Pepe Chávez scores Will Stafford to third Kane Cooper to second
|
Batting: LHB Dave Cook
|
0-0: Ball 1-0: Ball 2-0: Called Strike 2-1: Ball 3-1: Foul Ball, location: 2F 3-2: Strikes out looking
|
Batting: RHB Vernon Sterling
|
0-0: Ball 1-0: Fly out, F9 (Line Drive, 89S)
|
Batting: RHB Mike Martin
|
0-0: Ball 1-0: Called Strike 1-1: Foul Ball, location: 2F 1-2: Strikes out swinging
|
Top of the 3rd over - 2 run(s), 3 hit(s), 0 error(s), 3 left on base; Boston College 2 - Oregon 1 |
BOTTOM OF THE 3RD |
Oregon Ducks batting - Pitching for Boston College Eagles : RHP Joe Bell
|
Batting: RHB Ken Fingers
|
0-0: Ball 1-0: Called Strike 1-1: Ball 2-1: Foul Ball, location: 2F 2-2: Foul Ball, location: 2F 2-2: Strikes out swinging
|
Batting: RHB Ricardo Salazar
|
0-0: Called Strike 0-1: Swinging Strike 0-2: Ball 1-2: Strikes out swinging
|
Batting: LHB Jorge Rivera
|
0-0: Called Strike 0-1: Called Strike 0-2: Reached on Error, E7 (Line Drive, 7S)
|
Batting: LHB José Hernández
|
0-0: Called Strike 0-1: Ball 1-1: Ground out U3 (Groundball, 3)
|
Bottom of the 3rd over - 0 run(s), 0 hit(s), 1 error(s), 1 left on base; Boston College 2 - Oregon 1 |
TOP OF THE 4TH |
Boston College Eagles batting - Pitching for Oregon Ducks : RHP Alejandro Longoria
|
Batting: RHB Bobby Porter
|
0-0: Ball 1-0: Foul Ball, location: 2F 1-1: Ball 2-1: SINGLE (Groundball, 6M)
|
Batting: SHB Felipe Castro
|
0-0: Ball 1-0: Ball 2-0: Called Strike 2-1: Foul Ball, location: 2F 2-2: Ball 3-2: Foul Ball, location: 2F 3-2: Fly out, F8 (Flyball, 8LM) 3-2: Fly out, F8 (Flyball, 8LM)
|
Batting: RHB Pepe Chávez
|
0-0: Called Strike 0-1: Ball 1-1: Foul Ball, location: 2F 1-2: Fly out, F1 (Line Drive, 13)
|
Batting: RHB Will Stafford
|
0-0: SINGLE (Line Drive, 7S) Bobby Porter to second
|
Batting: RHB Kane Cooper
|
0-0: Called Strike 0-1: Ball 1-1: Ball 2-1: Foul Ball, location: 2F 2-2: Foul Ball, location: 2F 2-2: Foul Ball, location: 2F 2-2: Ball 3-2: Foul Ball, location: 2F 3-2: Fly out, F7 (Flyball, 7M)
|
Top of the 4th over - 0 run(s), 2 hit(s), 0 error(s), 2 left on base; Boston College 2 - Oregon 1 |
BOTTOM OF THE 4TH |
Oregon Ducks batting - Pitching for Boston College Eagles : RHP Joe Bell
|
Batting: LHB Jason Roberts
|
0-0: Called Strike 0-1: Swinging Strike 0-2: SINGLE (Groundball, 34S)
|
Batting: LHB José Román
|
0-0: Ball 1-0: Called Strike 1-1: Foul Ball, location: 2F 1-2: Ground out 5-3 (Groundball, 6S) Jason Roberts to second
|
Batting: RHB Jared Pass
|
0-0: Called Strike 0-1: Foul Ball, location: 2F 0-2: Strikes out looking
|
Batting: RHB Tom Cirilo
|
0-0: Ground out 6-3 (Groundball, 6)
|
Bottom of the 4th over - 0 run(s), 1 hit(s), 0 error(s), 1 left on base; Boston College 2 - Oregon 1 |
TOP OF THE 5TH |
Boston College Eagles batting - Pitching for Oregon Ducks : RHP Alejandro Longoria
|
Batting: RHB Emory Brooks
|
0-0: Ball 1-0: Ball 2-0: Foul Ball, location: 2F 2-1: Fly out, F4 (Popup, 4MD)
|
Pitching: RHP Kirby Johnson
|
|
Batting: LHB Dave Cook
|
0-0: Foul Ball, location: 2F 0-1: Foul Ball, location: 2F 0-2: Strikes out swinging
|
Batting: RHB Vernon Sterling
|
0-0: Ball 1-0: Ball 2-0: Ball 3-0: Called Strike 3-1: Swinging Strike 3-2: Foul Ball, location: 2F 3-2: Foul Ball, location: 2F 3-2: Base on Balls
|
Batting: RHB Mike Martin
|
0-0: Called Strike 0-1: Swinging Strike 0-2: Strikes out looking
|
Top of the 5th over - 0 run(s), 0 hit(s), 0 error(s), 1 left on base; Boston College 2 - Oregon 1 |
BOTTOM OF THE 5TH |
Oregon Ducks batting - Pitching for Boston College Eagles : RHP Joe Bell
|
Batting: RHB Bob Levinson
|
0-0: Called Strike 0-1: Ball 1-1: Foul Ball, location: 2F 1-2: Foul Ball, location: 2F 1-2: Ball 2-2: Foul Ball, location: 2F 2-2: Foul Ball, location: 2F 2-2: Strikes out swinging
|
Batting: RHB Ken Fingers
|
0-0: Ball 1-0: Ball 2-0: Ball 3-0: Called Strike 3-1: Called Strike 3-2: Ground out 4-3 (Groundball, 4)
|
Batting: RHB Ricardo Salazar
|
0-0: SINGLE (Groundball, 4)
|
Batting: LHB Jorge Rivera
|
0-0: Ball 1-0: Swinging Strike 1-1: Foul Ball, location: 2F 1-2: Strikes out swinging
|
Bottom of the 5th over - 0 run(s), 1 hit(s), 0 error(s), 1 left on base; Boston College 2 - Oregon 1 |
TOP OF THE 6TH |
Boston College Eagles batting - Pitching for Oregon Ducks : RHP Kirby Johnson
|
Batting: RHB Bobby Porter
|
0-0: Ball 1-0: Ball 2-0: Called Strike 2-1: Ball 3-1: Fly out, F7 (Line Drive, 7S)
|
Batting: SHB Felipe Castro
|
0-0: Ball 1-0: Called Strike 1-1: Ball 2-1: Foul Ball, location: 2F 2-2: Foul Ball, location: 2F 2-2: Foul Ball, location: 2F 2-2: SINGLE (Groundball, 4MD)
|
Batting: RHB Pepe Chávez
|
0-0: Ball 1-0: Fly out, F3 (Popup, 3F)
|
Batting: RHB Will Stafford
|
0-0: Ball 1-0: Ball 2-0: Ball 3-0: Base on Balls Felipe Castro to second
|
Batting: RHB Kane Cooper
|
0-0: Swinging Strike 0-1: Fly out, F9 (Flyball, 9LM)
|
Top of the 6th over - 0 run(s), 1 hit(s), 0 error(s), 2 left on base; Boston College 2 - Oregon 1 |
BOTTOM OF THE 6TH |
Oregon Ducks batting - Pitching for Boston College Eagles : RHP Joe Bell
|
Batting: LHB José Hernández
|
0-0: SINGLE (Groundball, 4MD)
|
Pitching: LHP Lou Gill
|
|
Batting: LHB Jason Roberts
|
0-0: Ball 1-0: Foul Ball, location: 2F 1-1: Swinging Strike 1-2: Foul Ball, location: 2F 1-2: SINGLE (Groundball, 34D) José Hernández to second Runner from 2nd tries for 3rd, SAFE, throw made to third
|
Batting: LHB José Román
|
0-0: Called Strike 0-1: Ball 1-1: Foul Ball, location: 2F 1-2: Strikes out swinging
|
Batting: RHB Jared Pass
|
0-0: DOUBLE (Flyball, 89XD) José Hernández scores Jason Roberts to third Runner from 3rd tries for Home, throw and OUT!
|
Batting: RHB Tom Cirilo
|
0-0: Ball 1-0: Ball 2-0: Ball 3-0: Base on Balls
|
Batting: RHB Bob Levinson
|
0-0: Swinging Strike 0-1: Ball 1-1: Swinging Strike 1-2: Ball 2-2: Ball 3-2: Strikes out looking
|
Bottom of the 6th over - 1 run(s), 3 hit(s), 0 error(s), 2 left on base; Boston College 2 - Oregon 2 |
TOP OF THE 7TH |
Boston College Eagles batting - Pitching for Oregon Ducks : RHP Kirby Johnson
|
Batting: RHB Emory Brooks
|
0-0: Swinging Strike 0-1: Ball 1-1: Swinging Strike 1-2: Ball 2-2: Ball 3-2: Foul Ball, location: 2F 3-2: Base on Balls
|
Pitching: LHP Paul Davis
|
|
Batting: LHB Dave Cook
|
0-0: Ball 1-0: Ball 2-0: Ball 3-0: Base on Balls Emory Brooks to second
|
Batting: RHB Vernon Sterling
|
0-0: 3-RUN HOME RUN (Flyball, 7LD), Distance : 329 ft
|
Batting: RHB Mike Martin
|
0-0: Hit by Pitch
|
Batting: RHB Bobby Porter
|
0-0: Called Strike 0-1: Bunt missed! 0-2: Strikes out swinging
|
Batting: SHB Felipe Castro
|
0-0: Swinging Strike 0-1: Fly out, F8 (Flyball, 8LS)
|
Batting: RHB Pepe Chávez
|
0-0: Swinging Strike 0-1: Called Strike 0-2: SINGLE (Line Drive, 9LS) Mike Martin to second
|
Batting: RHB Will Stafford
|
0-0: Foul Ball, location: 2F 0-1: Called Strike 0-2: Ball 1-2: Foul Ball, location: 2F 1-2: Ball 2-2: SINGLE (Line Drive, 8LS) Mike Martin to third Pepe Chávez to second Runner from 3rd tries for Home, SAFE, no throw or cutoff
|
Pitching: LHP Kevin Oliver
|
|
Batting: RHB Kane Cooper
|
0-0: Swinging Strike 0-1: Foul Ball, location: 2F 0-2: Strikes out swinging
|
Top of the 7th over - 4 run(s), 3 hit(s), 0 error(s), 2 left on base; Boston College 6 - Oregon 2 |
BOTTOM OF THE 7TH |
Oregon Ducks batting - Pitching for Boston College Eagles : LHP Lou Gill
|
Batting: RHB Ken Fingers
|
0-0: Called Strike 0-1: Swinging Strike 0-2: Strikes out looking
|
Batting: RHB Ricardo Salazar
|
0-0: Called Strike 0-1: Foul Ball, location: 2F 0-2: Ball 1-2: Ball 2-2: Strikes out swinging
|
Batting: LHB Jorge Rivera
|
0-0: Called Strike 0-1: Ball 1-1: Ball 2-1: SINGLE (Flyball, 7S)
|
Batting: LHB José Hernández
|
0-0: Called Strike 0-1: Ball 1-1: Called Strike 1-2: Ball 2-2: Ball 3-2: SINGLE (Flyball, 9LM) Jorge Rivera to second Jorge Rivera to third
|
Batting: LHB Jason Roberts
|
0-0: Fly out, F9 (Line Drive, 9M)
|
Bottom of the 7th over - 0 run(s), 2 hit(s), 0 error(s), 2 left on base; Boston College 6 - Oregon 2 |
TOP OF THE 8TH |
Boston College Eagles batting - Pitching for Oregon Ducks : LHP Kevin Oliver
|
Batting: RHB Emory Brooks
|
0-0: Called Strike 0-1: Ball 1-1: Ball 2-1: Foul Ball, location: 2F 2-2: Ground out 6-3 (Groundball, 6)
|
Batting: LHB Dave Cook
|
0-0: Swinging Strike 0-1: Foul Ball, location: 2F 0-2: Foul Ball, location: 2F 0-2: Foul Ball, location: 2F 0-2: Ball 1-2: Ball 2-2: Foul Ball, location: 2F 2-2: Ball 3-2: Foul Ball, location: 2F 3-2: Ground out 6-3 (Groundball, 6)
|
Batting: RHB Vernon Sterling
|
0-0: Called Strike 0-1: Foul Ball, location: 2F 0-2: SINGLE (Flyball, 78S)
|
Batting: RHB Mike Martin
|
0-0: Foul Ball, location: 2F 0-1: Foul Ball, location: 2F 0-2: Ball 1-2: Foul Ball, location: 2F 1-2: Fly out, F1 (Line Drive, 13)
|
Top of the 8th over - 0 run(s), 1 hit(s), 0 error(s), 1 left on base; Boston College 6 - Oregon 2 |
BOTTOM OF THE 8TH |
Oregon Ducks batting - Pitching for Boston College Eagles : LHP Lou Gill
|
Batting: LHB José Román
|
0-0: Ball 1-0: Ball 2-0: Foul Ball, location: 2F 2-1: SINGLE (Groundball, 4MD)
|
Pitching: LHP Francisco Rodríguez
|
|
Batting: RHB Jared Pass
|
0-0: Foul Ball, location: 2F 0-1: Foul Ball, location: 2F 0-2: Strikes out swinging
|
Batting: RHB Tom Cirilo
|
0-0: Ball 1-0: Ball 2-0: Fly out, F9 (Flyball, 9LM)
|
Batting: RHB Bob Levinson
|
0-0: Swinging Strike 0-1: Swinging Strike Single, Error in OF, E9, batter to second base José Román to third
|
Batting: RHB Ken Fingers
|
0-0: Ball Passed Ball! José Román scores Bob Levinson to third 1-0: 2-RUN HOME RUN (Flyball, 7D), Distance : 371 ft
|
Batting: RHB Ricardo Salazar
|
0-0: Called Strike 0-1: Swinging Strike 0-2: Strikes out looking
|
Bottom of the 8th over - 3 run(s), 3 hit(s), 1 error(s), 0 left on base; Boston College 6 - Oregon 5 |
TOP OF THE 9TH |
Boston College Eagles batting - Pitching for Oregon Ducks : LHP Kevin Oliver
|
Batting: RHB Bobby Porter
|
0-0: Ball 1-0: SINGLE (Groundball, 34D)
|
Pinch Hitting: RHB Bob Reid
|
0-0: Called Strike 0-1: Ball 1-1: Ball 2-1: Ball 3-1: Base on Balls Bobby Porter to second
|
Pinch Hitting: RHB José Gómez
|
0-0: SINGLE (Groundball, 5L) Bobby Porter to third Bob Reid to second Runner from 3rd tries for Home, throw and OUT!
|
Batting: RHB Will Stafford
|
0-0: Called Strike 0-1: Foul Ball, location: 2F 0-2: Ball 1-2: Strikes out swinging
|
Batting: RHB Kane Cooper
|
0-0: SINGLE (Groundball, 4D) Bob Reid to third José Gómez to second Runner from 3rd tries for Home, SAFE, no throw or cutoff
|
Batting: RHB Emory Brooks
|
0-0: Ball 1-0: Swinging Strike 1-1: Ball 2-1: Ball 3-1: Base on Balls José Gómez to third Kane Cooper to second
|
Batting: LHB Dave Cook
|
0-0: Ball 1-0: Ball 2-0: Ball 3-0: Base on Balls José Gómez scores Kane Cooper to third Emory Brooks to second
|
Batting: RHB Vernon Sterling
|
0-0: Called Strike 0-1: Ball 1-1: Called Strike 1-2: GRAND SLAM HOME RUN (Flyball, 78XD), Distance : 386 ft
|
Batting: RHB Mike Martin
|
0-0: Ball 1-0: Called Strike 1-1: DOUBLE (Line Drive, 8RS)
|
Pitching: RHP Javier Molina
|
|
Batting: RHB Bobby Porter
|
0-0: Ball 1-0: Ball 2-0: Ball 3-0: Base on Balls
|
Batting: RHB Bob Reid
|
0-0: Fly out, F5 (Popup, 25F)
|
Top of the 9th over - 6 run(s), 5 hit(s), 0 error(s), 2 left on base; Boston College 12 - Oregon 5 |
BOTTOM OF THE 9TH |
Oregon Ducks batting - Pitching for Boston College Eagles : LHP Francisco Rodríguez
|
Now in LF: Wade Ayers
|
|
Now in CF: Ambrose Brown
|
|
Batting: LHB Jorge Rivera
|
0-0: Ball 1-0: Swinging Strike 1-1: Foul Ball, location: 2F 1-2: Ground out U3 (Groundball, 3)
|
Batting: LHB José Hernández
|
0-0: Ball 1-0: Ball 2-0: Reached on error, E4 (Groundball, 4)
|
Batting: LHB Jason Roberts
|
0-0: Called Strike 0-1: Ball 1-1: Ball 2-1: Ground out 3-1 (Groundball, 34S) José Hernández to second
|
Batting: LHB José Román
|
0-0: Called Strike 0-1: Foul Ball, location: 2F 0-2: Foul Ball, location: 2F 0-2: Ball 1-2: Fly out, F4 (Popup, 9LSF)
|
Bottom of the 9th over - 0 run(s), 0 hit(s), 1 error(s), 1 left on base; Boston College 12 - Oregon 5 |
|